 Dungeon Crawl Stone Soup version 0.22-a0-240-g539252a (webtiles) character file.

132 xccam the Cutter (level 4, -1/38 HPs)
             Began as a Draconian Monk on Feb 21, 2018.
             Slain by a gnoll
             ... wielding a +0 spear
              (10 damage)
             ... on level 2 of the Dungeon.
             The game lasted 00:05:40 (2816 turns).

xccam the Cutter (Draconian Monk)                   Turns: 2816, Time: 00:05:40

Health: -1/38      AC:  6    Str: 14    XL:     4   Next: 92%
Magic:  4/4        EV: 13    Int: 10    God:
Gold:   76         SH:  0    Dex: 14    Spells: 3/3 levels left

rFire    . . .     SeeInvis .   a - +0 short sword
rCold    . . .     Gourm    .   (no shield)
rNeg     . . .     Faith    +   (armour unavailable)
rPois    .         Spirit   .   (helmet restricted)
rElec    .         Reflect  .   (no cloak)
rCorr    .         Harm     .   f - +0 pair of gloves
MR       .....                  (no boots)
Stlth    ++........             d - amulet of faith
HPRegen  0.12/turn              (no ring)
MPRegen  0.09/turn              (no ring)

@: flying
A: unfitting armour, cold-blooded, AC +5
a: no special abilities


You were on level 2 of the Dungeon.
You were very hungry.

You visited 1 branch of the dungeon, and saw 3 of its levels.

You collected 76 gold pieces.

Inventory:

Hand Weapons
 a - a +0 short sword (weapon)
Armour
 f - a +0 pair of gloves (worn)
Jewellery
 d - an amulet of faith (around neck)
Scrolls
 c - 2 scrolls of remove curse
 e - a scroll of amnesia
 h - a scroll of magic mapping
Comestibles
 b - 2 rations


   Skills:
 - Level 3.2 Fighting
 + Level 4.5 Short Blades
 - Level 2.6 Dodging
 + Level 3.7 Stealth


You had 3 spell levels left.
You didn't know any spells.

Dungeon Overview and Level Annotations

Branches:
Dungeon (3/15)

Altars:
Nemelex Xobeh
Trog


Innate Abilities, Weirdness & Mutations

Your plain brown scales are hard. (AC +5)
You cannot fit into any form of body armour.
You are cold-blooded and may be slowed by cold attacks.


Message History

* * * LOW HITPOINT WARNING * * *
You climb upwards.
There is a stone staircase leading down here.
Unknown command.
The gnoll hits you from afar with a spear.
* * * LOW HITPOINT WARNING * * *
You see here a leather armour.
Okay, then.
It was a potion of flight.
You feel very buoyant.
You fly up into the air.
The iguana bites you.
* * * LOW HITPOINT WARNING * * *
As you read the scroll labeled IFOT CAOVUD, it crumbles to dust.
It is a scroll of amnesia.
You feel forgetful for a moment.
The iguana bites you but does no damage.
As you read the scroll labeled RALIOW GATHRYN, it crumbles to dust.
You feel momentarily disoriented.
It was a scroll of magic mapping.
The gnoll hits you from afar with a spear!
You die...

#............# ##
####.###.....# #.
#[# #.###.# #)
#####.###.###.# #)
#........#..#.# #)
#.##.####.#.#.# #.
#.##.# #.#.#<# #.
#[##.####.#.#.####
#@##.##...#.#....#
#l##.............#
#g#####.###.#.....
#.# ###(###(#.####
#.# #.....#.#.####
#.###.#.#.#.#.#...
#...g.......#.#.##
#####.#.#.###.#.#
##.....# #.#.#


You could see an iguana and a gnoll.

Vanquished Creatures
  Robin (D:2)
  A gnoll (D:3)
  3 adders
  3 worms (D:2)
  2 leopard geckos
  2 orcs (D:3)
  3 giant cockroaches
  16 goblins
  6 hobgoblins
  9 jackals
  A quokka (D:3)
  3 bats
  6 frilled lizards
  7 kobolds
  5 rats (D:1)
68 creatures vanquished.

Notes
Turn   | Place    | Note
-------+----------+-------------------------------------------
     0 | D:1      | xccam the Draconian Monk began the quest for the Orb.
     0 | D:1      | Reached XP level 1. HP: 19/19 MP: 1/1
   283 | D:1      | Reached XP level 2. HP: 23/26 MP: 2/2
   809 | D:2      | Noticed Robin
  1056 | D:2      | Reached XP level 3. HP: 12/31 MP: 3/3
  1356 | D:2      | Killed Robin
  1434 | D:2      | Reached skill level 4 in Short Blades
  1727 | D:2      | Reached XP level 4. HP: 33/38 MP: 4/4
  1869 | D:2      | Found a sparkling altar of Nemelex Xobeh.
  2403 | D:3      | Found a bloodstained altar of Trog.
  2816 | D:2      | Slain by a gnoll

Vault maps used:
D:1:      dpeg_arrival_prison
D:2:      nemelex_xobeh_ov_fountains_minmay, uniq_robin
D:3:      bloody_trog, roderic_malta_cross, minmay_misc_feat_more_columns

Skill      XL: |  1  2  3 |
---------------+----------+-----
Stealth        | 2 3 |  3.7
Short Blades   | 4 |  4.5
Fighting       | |  3.2
Dodging        | |  2.6

Action                   |  1- 3 |  4- 6 || total
-------------------------+-------+-------++-------
Melee: Short sword       |   155 |   103 ||   258
       Tailslap          |    10 |    17 ||    27
  Use: Potion            |     1 |     1 ||     2
       Scroll            |       |     4 ||     4
 Stab: Sleeping          |     5 |     4 ||     9
  Eat: Chunk             |     3 |     2 ||     5
Armor: Skin              |    36 |    23 ||    59
Dodge: Dodged            |    59 |    50 ||   109

Table legend:
 A = Spawn XP
 B = Non-spawn XP
 C = Spawn XP percentage of total XP
 D = Spawn monster count
 E = Non-spawn monster count
 F = Spawn count percentage of total count
 G = Total turns spent on level
                    A         B        C        D         E        F      G
               +---------+---------+-------+---------+---------+-------+---------
         Total |       0 |     189 |   0.0 |       0 |      68 |   0.0 |  2816
               +---------+---------+-------+---------+---------+-------+---------
           D:1 |       0 |      29 |   0.0 |       0 |      18 |   0.0 |  1103
           D:2 |       0 |      94 |   0.0 |       0 |      35 |   0.0 |  1037
           D:3 |       0 |      66 |   0.0 |       0 |      15 |   0.0 |   676
               +---------+---------+-------+---------+---------+-------+---------
